 Dungeon Crawl Stone Soup version 0.22.1-1-ga44c0e5 (console) character file.

819 erker the Changer (level 7, -3/43 HPs)
             Began as an Octopode Transmuter on Sept 28, 2018.
             Was a Follower of Cheibriados.
             Slain by a wight
             ... wielding a +1 morningstar
              (5 damage)
             ... on level 6 of the Dungeon.
             The game lasted 00:23:54 (4677 turns).

erker the Changer (Octopode Transmuter)             Turns: 4677, Time: 00:23:55

Health: -3/43      AC:  1    Str: 13    XL:     7   Next: 95%
Magic:  2/12       EV: 15    Int: 20    God:    Cheibriados [*.....]
Gold:   229        SH:  0    Dex: 19    Spells: 3/13 levels left

rFire    . . .     SeeInvis .     - Unarmed
rCold    . . .     Gourm    .   (no shield)
rNeg     + . .     Faith    .   (helmet restricted)
rPois    .         Spirit   .   (no amulet)
rElec    .         Reflect  .   d - ring of stealth
rCorr    .         Harm     .   s - +4 ring of dexterity
MR       .....                  t - ring of positive energy
Stlth    +++++.....             (no ring)
HPRegen  0.14/turn              (no ring)
MPRegen  0.13/turn              (no ring)
                                (no ring)
                                (no ring)

@: about to teleport, very slightly contaminated, very slow
A: almost no armour, stealthy swim, amphibious, 8 rings, constrict 8, camouflage
1, gelatinous body 1
a: Bend Time, Renounce Religion


You were on level 6 of the Dungeon.
You worshipped Cheibriados.
Cheibriados was aware of your devotion.
You were not hungry.

You visited 2 branches of the dungeon, and saw 7 of its levels.

You collected 229 gold pieces.

Inventory:

Missiles
 a - 16 arrows
 o - 21 bolts
Jewellery
 d - a ring of stealth (left tentacle)
 s - a +4 ring of dexterity (right tentacle)
 t - a ring of positive energy (on tentacle)
Scrolls
 b - 5 scrolls of identify
 f - 6 scrolls of remove curse
 i - a scroll of teleportation
 j - a scroll of noise {unknown}
 l - 4 scrolls of blinking {unknown}
 m - 2 scrolls of enchant armour {unknown}
 n - 3 scrolls of fog {unknown}
 r - 2 scrolls of magic mapping {unknown}
 w - a scroll of amnesia {unknown}
Potions
 g - a potion of magic {unknown}
 h - a potion of brilliance {unknown}
 k - a potion of agility {unknown}
 p - a potion of mutation {unknown}
 q - a potion of curing {unknown}
 u - a potion of lignification {unknown}
Comestibles
 c - 16 rations
 v - a chunk of flesh


   Skills:
 + Level 1.5 Fighting
 + Level 3.2 Dodging
 + Level 3.6 Stealth
 + Level 4.5 Unarmed Combat
 + Level 3.5 Spellcasting
 * Level 5.1 Transmutations
 * Level 2.3 Ice Magic
 + Level 2.0 Poison Magic


You had 3 spell levels left.
You knew the following spells:

 Your Spells              Type           Power        Failure   Level  Hunger
a - Beastly Appendage     Tmut           ###...       1%          1    None
s - Spider Form           Tmut/Pois      ###.......   10%         3    ###....
t - Sticks to Snakes      Tmut           ###.....     2%          2    ##.....
y - Ice Form              Ice/Tmut       ###.....     28%         4    ####...

Your spell library contained the following spells:

 Spells                   Type           Power        Failure   Level  Hunger
 Blade Hands              Tmut           ###.......   41%         5    ######.


Dungeon Overview and Level Annotations

Branches:
Dungeon (6/15)             Temple (1/1) D:6

Altars:
Ashenzari
Cheibriados
Dithmenos
Elyvilon
Fedhas
Gozag
Hepliaklqana
Kikubaaqudgha
Makhleb
Nemelex Xobeh
Okawaru
Qazlal
Ru
Sif Muna
Trog
Uskayaw
Vehumet
Wu Jian
Xom
Yredelemnul
Zin
The Shining One

Annotations:
D:5 Menkaure
D:6 Edmund, Sigmund


Innate Abilities, Weirdness & Mutations

You cannot wear most types of armour.
You are very stealthy in the water. (Stealth+)
You are amphibious.
You can wear up to eight rings at the same time.
You can use your tentacles to constrict eight enemies at once.
Your skin changes colour to match your surroundings (Stealth+).
Your rubbery body absorbs attacks. (AC +1, EV +1)


Message History

You bite the centaur!
The centaur looks as sick as possible!
The centaur is heavily wounded.
Your transformation has ended.
The wight hits you from afar with a halberd!
The centaur hits you!
* * * LOW HITPOINT WARNING * * *
Okay, then.
Unknown command.
Unknown command.
As you read the scroll of teleportation, it crumbles to dust.
You feel strangely unstable. The centaur hits you.
* * * LOW HITPOINT WARNING * * *
The wight closely misses you.
A wight comes into view. It is wielding a mace of venom.
The centaur wields a shortbow.
The centaur shoots an arrow.
The arrow completely misses you. The hound barely misses you.
The centaur shoots an arrow.
The arrow misses you. The hound bites you but does no damage.
The wight hits you with an enchanted morningstar.
You die...

...........#
.z.........#
...........#
z..........# ...
..........##....
........Z........
#+##z....##...h.
#.##hzc.........
#...@#+#.#......
####(# ....#####
#.# #.### #.. ..#
### ##


You could see a centaur, a hound, 2 wights and a giant cockroach zombie.

Vanquished Creatures
  An ice beast (D:6)
  Blork the orc (D:6)
  A bullfrog (D:5)
  2 crimson imps
  A bullfrog skeleton (D:5)
  A jelly (D:5)
  An orc wizard (D:4)
  An iguana (D:4)
  2 worker ants
  A hound skeleton (D:5)
  6 adders
  A howler monkey skeleton (D:5)
  An ooze (D:4)
  2 adder skeletons (D:4)
  4 worms
  2 dart slugs
  4 leopard geckos
  4 orcs (D:4)
  A ball python (D:2)
  9 giant cockroaches
  9 goblins
  2 hobgoblins
  11 jackals
  3 quokkas
  10 bats
  6 frilled lizards
  4 kobolds (D:1)
  A leopard gecko zombie (D:3)
  10 rats
102 creatures vanquished.

Vanquished Creatures (collateral kills)
  An ogre (D:3)
  A centaur (D:6)
  A crimson imp (D:6)
  A hound (D:6)
  A centaur skeleton (D:2)
  A worker ant (D:4)
  A frilled lizard (D:5)
7 creatures vanquished.

Grand Total: 109 creatures vanquished

Notes
Turn   | Place    | Note
-------+----------+-------------------------------------------
     0 | D:1      | erker the Octopode Transmuter began the quest for the Orb.
     0 | D:1      | Reached XP level 1. HP: 13/13 MP: 3/3
     9 | D:1      | You fall through a shaft!
   376 | D:1      | Reached XP level 2. HP: 16/18 MP: 3/5
   380 | D:1      | Learned a level 2 spell: Sticks to Snakes
   837 | D:1      | Reached XP level 3. HP: 23/23 MP: 6/6
   937 | D:2      | Reached skill level 3 in Transmutations
   959 | D:2      | Learned a level 3 spell: Spider Form
  1137 | D:2      | Reached skill level 1 in Poison Magic
  1198 | D:2      | Reached XP level 4. HP: 20/28 MP: 1/7
  1396 | D:3      | Reached skill level 4 in Transmutations
  1771 | D:3      | Noticed an ogre
  2008 | D:3      | Killed an ogre
  2008 | D:3      | Reached skill level 1 in Stealth
  2008 | D:3      | Reached XP level 5. HP: 33/33 MP: 2/8
  2104 | D:3      | Found a shadowy altar of Dithmenos.
  2105 | D:3      | Found a snail-covered altar of Cheibriados.
  2109 | D:3      | Became a worshipper of Cheibriados the Contemplative
  2618 | D:4      | Reached XP level 6. HP: 35/38 MP: 6/10
  2671 | D:4      | Learned a level 4 spell: Ice Form
  3204 | D:4      | Noticed a phantom
  3245 | D:5      | Entered Level 5 of the Dungeon
  3269 | D:5      | Reached skill level 1 in Ice Magic
  3599 | D:5      | Noticed Menkaure
  3637 | D:5      | Reached * piety under Cheibriados
  4052 | D:5      | Reached XP level 7. HP: 33/43 MP: 6/11
  4344 | D:6      | Found a staircase to the Ecumenical Temple.
  4364 | Temple   | Entered the Ecumenical Temple
  4561 | D:6      | Noticed Blork the orc
  4575 | D:6      | Killed Blork the orc
  4576 | D:6      | Noticed Edmund
  4576 | D:6      | Noticed Sigmund
  4602 | D:6      | Reached skill level 5 in Transmutations
  4675 | D:6      | HP: 2/43 [centaur (3)]
  4677 | D:6      | Slain by a wight

Skill      XL: |  1  2  3  4  5  6  7 |
---------------+----------------------+-----
Transmutations | 3 4 5 |  5.1
Poison Magic   | 1 2 |  2.0
Stealth        | 1 2 3 |  3.6
Ice Magic      | 1 2 |  2.3
Unarmed Combat | 4 |  4.5
Dodging        | 3 |  3.2
Spellcasting   | 3 |  3.5
Fighting       | |  1.5

Action                   |  1- 3 |  4- 6 |  7- 9 || total
-------------------------+-------+-------+-------++-------
Melee: Unarmed           |    87 |   166 |    36 ||   289
       Constrict         |    22 |    25 |     3 ||    50
       Kick              |    13 |     9 |       ||    22
       Tentacles         |     9 |    17 |     2 ||    28
       Punch             |     2 |     3 |       ||     5
 Cast: Beastly Appendage |    10 |     6 |       ||    16
       Sticks to Snakes  |     2 |     7 |     5 ||    14
       Spider Form       |     2 |    11 |     4 ||    17
       Ice Form          |       |       |     2 ||     2
 Abil: End Transformatio |       |       |     1 ||     1
  Use: Potion            |       |     1 |     2 ||     3
       Scroll            |       |       |     5 ||     5
 Stab: Sleeping          |    13 |    14 |     3 ||    30
       Distracted        |       |     3 |       ||     3
  Eat: Chunk             |     1 |    11 |     2 ||    14
Armor: Skin              |     9 |    13 |     3 ||    25
Dodge: Dodged            |    44 |   113 |    45 ||   202
